 Dungeon Crawl Stone Soup version 0.29.1-1-gd02db6906a (webtiles) character file.

Game seed: 15586504159087853921

60 styxcanada the Sneak (level 3, -4/18 HPs)
             Began as a Spriggan Brigand on Oct 21, 2022.
             Killed from afar by Natasha (14 damage)
             ... with a bolt of light
             ... on level 2 of the Dungeon.
             The game lasted 00:05:25 (944 turns).

styxcanada the Sneak (Spriggan Brigand)              Turns: 944, Time: 00:05:26

Health: -4/18      AC:  3    Str:  7    XL:     3   Next: 82%
Magic:  4/4        EV: 17    Int: 12    God:
Gold:   52         SH:  0    Dex: 18    Spells: 2/3 levels left

rFire   . . .      SeeInvis +   a - +2 dagger
rCold   . . .      Faith    .   (no shield)
rNeg    . . .      Spirit   .   b - +0 robe
rPois   .          Reflect  .   (helmet restricted)
rElec   .          Harm     .   c - +0 cloak
rCorr   .          Rampage  .   (gloves unavailable)
Will    .....                   (boots unavailable)
Stlth   ++++......              (no amulet)
HPRegen 0.06/turn               (no ring)
MPRegen 0.09/turn               (no ring)

@: very quick
A: very small, no large weapons, unfitting armour, see invisible, speed 3
a: no special abilities


You were on level 2 of the Dungeon.
You visited 1 branch of the dungeon, and saw 2 of its levels.

You collected 52 gold pieces.

Inventory:

Hand Weapons
 a - a +2 dagger (weapon)
Missiles
 d - 5 poisoned darts (quivered)
 e - 2 curare-tipped darts
Armour
 b - a +0 robe (worn)
 c - a +0 cloak (worn)
Magical Staves
 f - a staff of fire
Scrolls
 i - a scroll of identify {unknown}
Potions
 g - a potion of heal wounds {unknown}


   Skills:
 * Level 1.8 Fighting
 + Level 2.3 Short Blades
 + Level 2.1 Throwing
 * Level 2.2 Dodging
 * Level 7.2 Stealth
 * Level 0.5 Spellcasting
 * Level 0.2 Air Magic
 * Level 1.0 Evocations


You had 2 spell levels left.
You knew the following spells:

 Your Spells              Type           Power      Damage    Failure   Level
a - Shock                 Conj/Air       0%         1d3       30%         1

Your spell library contained the following spells:

 Spells                   Type           Power      Damage    Failure   Level
 Swiftness                Air            0%         N/A       65%         3
 Airstrike                Air            0%         2d(0-16)  96%         4


Dungeon Overview and Level Annotations

Branches:
Dungeon (2/15)

Altars:

Annotations:
D:2 Natasha


Innate Abilities, Weirdness & Mutations

You are very small and have problems with some larger weapons.
You are too small for most types of armour.
You have supernaturally acute eyesight. (SInv)
You cover ground extremely quickly. (Speed+++)


Message History

The worm is almost dead.
You kill the worm!
d - 5 poisoned darts (gained 1)
You see here a worm corpse.
A ball python comes into view.
You see here a poisoned dart.
You see here a poisoned dart.
You see here a curare-tipped dart.
Things that are here:
a poisoned dart; a curare-tipped dart The helpless ball python fails to defend itself.
You impale the ball python!!
You kill the ball python!
d - 6 poisoned darts (gained 1);
e - a curare-tipped dart
e - 2 curare-tipped darts (gained 1)
d - 7 poisoned darts (gained 1)
d - 8 poisoned darts (gained 1) Natasha, Servant of Life and Death comes into view.
She is carrying a wand of light (6).
Found 13 gold pieces.
Natasha hisses angrily.
Throw: 8 darts (poison)
Press: ? - help, Q - select action, (/) - cycle Shift-Dir - straight line, f - Natasha
Aim: Natasha, carrying a wand of light (6) (55% to hit)
You throw a poisoned dart.
The poisoned dart completely misses Natasha.
Natasha casts a spell at you. The magic dart hits you!
Throw: 7 darts (poison)
Press: ? - help, Q - select action, (/) - cycle Shift-Dir - straight line, f/p - Natasha
Aim: Natasha, carrying a wand of light (6) (55% to hit)
You throw a poisoned dart. The poisoned dart hits Natasha.
Natasha is poisoned.
Throw: 6 darts (poison)
Press: ? - help, Q - select action, (/) - cycle Shift-Dir - straight line, f/p - Natasha
Aim: Natasha, carrying a wand of light (6) (lightly wounded, poisoned, 55% to hit)
You throw a poisoned dart. The poisoned dart hits Natasha.
Natasha looks even sicker.
Natasha is lightly wounded.
Natasha zaps a wand.
The bolt of light hits you!
Ouch! That really hurt!
You die...

#.<...##.....#
#.†........#.#
#.#.#........#
#.#........#.#
#.#.#....#.#.#
#.#.#......#.### #
##.#.#......#...#
##.#..#.#....#..##.###
.............#..@....#
#####.#.#.#>.#..#.......
..........#.....##h.....
#####.#.####.#.## (.....
# #........... .....
..#......#.# .....
############.#.# ..$.
..........## #. .(..
#########.##


You could see Natasha (very poisoned).

Vanquished Creatures
  Natasha (D:2)
  An adder (D:2)
  A worm (D:2)
  3 ball pythons
  3 endoplasms
  3 giant cockroaches (D:1)
  A goblin (D:2)
  A hobgoblin (D:1)
  2 kobolds (D:1)
  A quokka (D:1)
  3 bats (D:1)
  2 frilled lizards
  2 rats (D:1)
24 creatures vanquished.

Notes
Turn   | Place    | Note
-------+----------+-------------------------------------------
     0 | D:1      | styxcanada the Spriggan Brigand began the quest for the
                  | Orb.
     0 | D:1      | Reached XP level 1. HP: 10/10 MP: 2/2
    24 | D:1      | Reached skill level 6 in Stealth
   326 | D:1      | Reached XP level 2. HP: 14/14 MP: 3/3
   764 | D:2      | Noticed Natasha
   767 | D:2      | Noticed a crimson imp
   778 | D:2      | Noticed a crimson imp
   803 | D:2      | Killed Natasha
   804 | D:2      | Reached skill level 7 in Stealth
   804 | D:2      | Reached XP level 3. HP: 16/18 MP: 4/4
   855 | D:2      | Learned a level 1 spell: Shock
   886 | D:2      | Reached skill level 1 in Evocations
   937 | D:2      | Noticed Natasha
   944 | D:2      | Killed from afar by Natasha

Illustrated notes

Levels and vault maps discovered:
D:1:      wander_arrival_chamber, layout_loops_cross
D:2:      minmay_chambers_of_ones, layout_basic, serial_shops, shop,
          hellmonk_ecumenical_altar_inner_sanctum, minmay_crystal_water,
          minmay_hexomino_p4, uniq_natasha

Skill      XL: |  1  2  3 |
---------------+----------+-----
Stealth        | 6 7 |  7.2
Dodging        | 2 |  2.2
Evocations     | 1 |  1.0
Fighting       | |  1.8
Short Blades   | |  2.3
Throwing       | |  2.1
Spellcasting   | |  0.5
Air Magic      | |  0.2

Action                   || total
-------------------------++-------
Melee: Dagger            ||    41
Throw: Dart              ||    32
  Use: Scroll            ||     1
 Stab: Sleeping          ||    10
Armor: Robe              ||     6
Dodge: Dodged            ||    15
